 Dungeon Crawl Stone Soup version 0.32-a0-859-gb0a091d592 (webtiles) character file.

Game seed: 15114051930337321149

252 Alarak the Wallflower (level 5, 0/44 HPs)
             Began as a Demonspawn Fighter on Mar 28, 2024.
             Was an Initiate of Uskayaw.
             Blown up by Ijyb (10 damage)
             ... with a mindburst bolt
             ... on level 3 of the Dungeon.
             The game lasted 00:06:52 (2485 turns).

Alarak the Wallflower (Demonspawn Fighter)          Turns: 2485, Time: 00:06:55

Health: 0/44       AC: 14    Str: 18    XL:     5   Next: 89%
Magic:  7/9        EV:  6    Int:  8    God:    Uskayaw [......]
Gold:   120        SH:  9    Dex: 13    Spells: 4/4 levels left

rFire   . . .        a - +0 war axe (freeze)
rCold   . . .        c - +0 buckler
rNeg    . . .        k - +0 chain mail
rPois   .            (helmet restricted)
rElec   .            (no cloak)
rCorr   .            (no gloves)
SInv    .            (no boots)
Will    .....        g - amulet of reflection Stlth
                     e - +4 ring of protection
HPRegen 0.27/turn    (no ring)
MPRegen 0.11/turn

%: reflection
@: wreathed by umbra
A: antennae 1, molten scales 1, foul shadow 1
a: Renounce Religion


You were on level 3 of the Dungeon.
You worshipped Uskayaw.
Uskayaw was noncommittal.
You visited 1 branch of the dungeon, and saw 3 of its levels.

You collected 120 gold pieces.

Inventory:

Hand Weapons
 a - a +0 war axe of freezing (weapon)
Armour
 b - a +0 scale mail
 c - a +0 buckler (worn)
 k - a +0 chain mail (worn)
Jewellery
 e - a +4 ring of protection (left hand)
 g - an amulet of reflection (around neck)
 m - an amulet of regeneration
Scrolls
 f - a scroll of enchant weapon {unknown}
 h - 3 scrolls of noise {unknown}
 i - 3 scrolls of identify
 j - a scroll of teleportation
 n - a scroll of blinking {unknown}
Potions
 d - a potion of might
 l - 2 potions of lignification


   Skills:
 - Level 5.0 Fighting
 - Level 1.7 Axes
 - Level 2.6 Armour
 - Level 2.6 Shields
 + Level 5.4 Invocations


You had 4 spell levels left.
You didn't know any spells.
Your spell library contained the following spells:

 Spells                   Type           Power      Damage    Failure   Level
 Summon Small Mammal      Summ           0%         N/A       99%         1
 Call Canine Familiar     Summ           0%         N/A       100%        3
 Inner Flame              Hex/Fire       0%         N/A       100%        3
 Flame Wave               Conj/Fire      0%         2d4       100%        4
 Sticky Flame             Fire/Alch      0%         2d4       100%        4
 Summon Blazeheart Golem  Fire/Summ      0%         N/A       100%        4


Dungeon Overview and Level Annotations

Branches:
Dungeon (3/15)

Altars:
Makhleb
Uskayaw
Vehumet

Annotations:
D:3 Ijyb


Innate Abilities, Weirdness & Mutations

You have a pair of small antennae on your head.
You are partially covered in molten scales. (AC +2)
You are faintly shadowed, very rarely releasing foul flame when damaged in melee.


Message History

There are monsters nearby!
You hit the bat. You freeze the bat.
You kill the bat!
Ijyb zaps a wand.
Your mind is blasted!
Ijyb hits you but does no damage.
You hit Ijyb but do no damage. Ijyb hits you but does no damage.
Ijyb zaps a wand.
Your mind is blasted!
* * * LOW HITPOINT WARNING * * *
You stomp with the beat, sending a shockwave through the revellers around you!
Ijyb is heavily wounded.
You can no longer stomp with the beat.
Ijyb hits you with a +0 club.
* * * LOW HITPOINT WARNING * * *
You are too injured to fight recklessly!
You are too injured to fight recklessly!
You hit Ijyb but do no damage.
Ijyb is heavily wounded.
You block Ijyb's attack.
You hit Ijyb but do no damage.
Ijyb is heavily wounded.
You block Ijyb's attack. x2
You hit Ijyb but do no damage.
Ijyb is heavily wounded.
Ijyb zaps a wand.
Your mind is blasted!
* * * LOW HITPOINT WARNING * * *
It was a potion of curing.
You feel better. You block Ijyb's attack.
You closely miss Ijyb.
Ijyb is heavily wounded.
Ijyb screams, "You look like good test subject!"
Ijyb zaps a wand.
You barely resist. You block Ijyb's attack.
You barely miss Ijyb.
Ijyb is heavily wounded.
You block Ijyb's attack.
You closely miss Ijyb.
Ijyb is heavily wounded.
Ijyb hits you with a +0 club.
* * * LOW HITPOINT WARNING * * *
Ijyb zaps a wand.
Your mind is blasted!
You die...
Ijyb moans, "Good help so hard to find!"

##############
............>#####
#######.÷........#
#######..........#
................>#
.................#
.................#
.................#######
................@g......
####..##.......#........
#....+.......#........
###.#..#........########
#§≈..#.#........#
##§.............#
≈#§#......##+####
≈#§§..#...##+###
≈#≈##.#........#


You could see Ijyb.

Vanquished Creatures
  A scorpion (D:3)
  A bombardier beetle (D:3)
  Robin (D:2)
  2 gnolls (D:3)
  4 adders
  5 dart slugs
  3 orcs (D:3)
  8 endoplasms
  2 giant cockroaches
  11 goblins
  9 hobgoblins
  3 jackals (D:2)
  4 kobolds
  4 quokkas (D:3)
  4 ball pythons
  7 bats
  5 frilled lizards
  9 rats
83 creatures vanquished.

Notes
Turn   | Place    | Note
-------+----------+-------------------------------------------
     0 | D:1      | Alarak the Demonspawn Fighter began the quest for the Orb.
     0 | D:1      | Reached XP level 1. HP: 18/18 MP: 1/1
    76 | D:1      | Gained mutation: You are partially covered in molten
                  | scales. (AC +2) [demonic ancestry]
    76 | D:1      | Reached XP level 2. HP: 24/24 MP: 2/2
   181 | D:1      | Found a faded altar of an unknown god.
   217 | D:1      | Prayed at the altar of an unknown god.
   217 | D:1      | Became a worshipper of Uskayaw the Reveller
   217 | D:1      | Reached * piety under Uskayaw
   515 | D:1      | Reached ** piety under Uskayaw
   664 | D:1      | Gained mutation: You have a pair of small antennae on your
                  | head. [demonic ancestry]
   664 | D:1      | Reached XP level 3. HP: 21/30 MP: 3/3
   844 | D:2      | Identified the +2 helmet of True Grit {SInv}
   844 | D:2      | Noticed Robin
   854 | D:2      | Killed Robin
   860 | D:2      | Reached *** piety under Uskayaw
   866 | D:2      | Reached **** piety under Uskayaw
  1055 | D:2      | Reached XP level 4. HP: 38/38 MP: 4/4
  1114 | D:2      | Reached skill level 5 in Fighting
  1191 | D:2      | Reached skill level 1 in Invocations
  1724 | D:3      | HP: 1/39 [bombardier beetle (1)]
  1726 | D:3      | Gained mutation: You are faintly shadowed, very rarely
                  | releasing foul flame when damaged in melee. [demonic
                  | ancestry]
  1726 | D:3      | Reached XP level 5. HP: 2/44 MP: 2/7
  1896 | D:3      | Found a radiant altar of Vehumet.
  2320 | D:3      | Reached skill level 5 in Invocations
  2457 | D:3      | Found a burning altar of Makhleb.
  2472 | D:3      | Noticed Ijyb
  2485 | D:3      | Blown up by Ijyb

Illustrated notes

Levels and vault maps discovered:
D:1:      dpeg_arrival_solitude, layout_basic, basic_ecumenical_altar
D:2:      layout_loops_ring, uniq_robin
D:3:      wad_woods_stonehenge, layout_basic, lightli_temple_of_fire,
          old_standard_altar, uniq_ijyb

Skill      XL: |  1  2  3  4  5 |
---------------+----------------+-----
Fighting       | 4 5 |  5.0
Invocations    | 3 5 |  5.4
Axes           | |  1.7
Armour         | |  2.6
Shields        | |  2.6

Action                     |  1- 3 |  4- 6 || total
---------------------------+-------+-------++-------
  Melee: War axe           |    83 |    96 ||   179
 Invoke: Stomp             |     1 |     4 ||     5
         Line Pass         |       |     1 ||     1
    Use: Scroll            |     2 |     4 ||     6
         Potion            |       |     1 ||     1
   Stab: Paralysed         |     2 |       ||     2
 Armour: Scale mail        |    60 |    15 ||    75
         Chain mail        |       |    60 ||    60
  Dodge: Dodged            |    23 |    27 ||    50
  Block: Buckler           |    29 |    60 ||    89
         Reflection        |     1 |     1 ||     2

Table legend: (Time is in decaauts)
 A = Elapsed time spent in this place.
 B = Non-inter-level travel time spent in this place.
 C = Inter-level travel time spent in this place.
 D = Time resting spent in this place.
 E = Time spent auto-exploring this place.
 F = Levels seen in this place.
 G = Mean time per level.
                   A        B        C        D        E       F      G
               +--------+--------+--------+--------+--------+-----+--------+
         Total |   2565 |   2489 |     76 |    161 |   1869 |   3 |  855.0 |
       Dungeon |   2565 |   2489 |     76 |    161 |   1869 |   3 |  855.0 |
               +--------+--------+--------+--------+--------+-----+--------+

Top non-repeatable levels by time:
     D:2: 907 daAuts
     D:3: 832 daAuts
     D:1: 825 daAuts
